PA
HAMMOND HERONS @ SOUTH BEACH BLAZE
08/14/2021
 
TOP OF THE 1ST
Hammond Herons batting - Pitching for South Beach Blaze : LHP Juan Méndez
Pitching: LHP Juan Méndez
Batting: RHB Miguel Rodríguez 0-0: Called Strike
0-1: Ball
1-1: Ground out 3-1 (Groundball, 23)
Batting: RHB Jorge Reyes 0-0: Ball
1-0: Foul Ball, location: 2F
1-1: Called Strike
1-2: Ball
2-2: Ball
3-2: Strikes out swinging
Batting: LHB Joe Cashmore 0-0: Ball
1-0: Ball
2-0: Foul Ball, location: 2F
2-1: Swinging Strike
2-2: Ball
3-2: SINGLE (Flyball, 7S)
Batting: RHB Matt Love 0-0: Swinging Strike
0-1: Called Strike
0-2: Ball
1-2: Ball
2-2: Strikes out looking
Top of the 1st over - 0 run(s), 1 hit(s), 0 error(s), 1 left on base; Hammond 0 - South Beach 0
BOTTOM OF THE 1ST
South Beach Blaze batting - Pitching for Hammond Herons : RHP Bill Beauregard
Pitching: RHP Bill Beauregard
Batting: RHB Mario Blanco 0-0: Ball
1-0: Ball
2-0: Ball
3-0: Base on Balls
Batting: LHB Jorge Pérez 0-0: Ball
1-0: Fly out, F9 (Flyball, 89M)
Batting: RHB Marcos Reyes 0-0: Called Strike
0-1: Ball
1-1: Ball
2-1: Swinging Strike
2-2: Strikes out swinging
Batting: LHB Tomás Mejía 0-0: Ball
1-0: Ball
2-0: Ground out 6-3 (Groundball, 6)
Bottom of the 1st over - 0 run(s), 0 hit(s), 0 error(s), 1 left on base; Hammond 0 - South Beach 0
TOP OF THE 2ND
Hammond Herons batting - Pitching for South Beach Blaze : LHP Juan Méndez
Batting: RHB Brian Soto 0-0: Ball
1-0: Ball
2-0: SINGLE (Groundball, 56D)
Batting: RHB Edward Payne 0-0: Ball
1-0: Ball
2-0: Ball
3-0: Called Strike
3-1: Base on Balls
Brian Soto to second
Batting: RHB José Trombelli 0-0: Foul Ball, location: 2F
0-1: Grounds into double play, 5-4-3 (Groundball, 5)
Brian Soto to third
Batting: LHB Arturo Acevedo 0-0: Swinging Strike
0-1: Ball
1-1: Ball
2-1: Foul Ball, location: 2F
2-2: Strikes out swinging
Top of the 2nd over - 0 run(s), 1 hit(s), 0 error(s), 1 left on base; Hammond 0 - South Beach 0
BOTTOM OF THE 2ND
South Beach Blaze batting - Pitching for Hammond Herons : RHP Bill Beauregard
Batting: LHB Gregg Young 0-0: Swinging Strike
0-1: Ball
1-1: Swinging Strike
1-2: Ball
2-2: Strikes out swinging
Batting: LHB Jacob Herman 0-0: Ball
1-0: Ball
2-0: Called Strike
2-1: Ball
3-1: Called Strike
3-2: Strikes out swinging
Batting: LHB Chad Graves 0-0: Called Strike
0-1: Ball
1-1: Swinging Strike
1-2: Strikes out swinging
Bottom of the 2nd over - 0 run(s), 0 hit(s), 0 error(s), 0 left on base; Hammond 0 - South Beach 0
TOP OF THE 3RD
Hammond Herons batting - Pitching for South Beach Blaze : LHP Juan Méndez
Batting: RHB Scott Zijm 0-0: Called Strike
0-1: Ball
1-1: Foul Ball, location: 2F
1-2: Fly out, F4 (Popup, 9S)
Batting: RHB Miguel Rodríguez 0-0: Called Strike
0-1: Foul Ball, location: 2F
0-2: Ground out 4-3 (Groundball, 4)
Batting: RHB Jorge Reyes 0-0: Ball
1-0: Ball
2-0: Foul Ball, location: 2F
2-1: Ball
3-1: Foul Ball, location: 2F
3-2: Ground out 5-3 (Groundball, 5)
Top of the 3rd over - 0 run(s), 0 hit(s), 0 error(s), 0 left on base; Hammond 0 - South Beach 0
BOTTOM OF THE 3RD
South Beach Blaze batting - Pitching for Hammond Herons : RHP Bill Beauregard
Batting: RHB Shohei Kiyomizu 0-0: Ground out 6-3 (Groundball, 6)
Batting: RHB Gabriel Maldonado 0-0: Ball
1-0: Ball
2-0: Foul Ball, location: 2F
2-1: Foul Ball, location: 2F
2-2: Ball
3-2: Strikes out swinging
Batting: RHB Mario Blanco 0-0: Foul Ball, location: 2F
0-1: Ball
1-1: Ball
2-1: Fly out, F4 (Popup, 34)
Bottom of the 3rd over - 0 run(s), 0 hit(s), 0 error(s), 0 left on base; Hammond 0 - South Beach 0
TOP OF THE 4TH
Hammond Herons batting - Pitching for South Beach Blaze : LHP Juan Méndez
Batting: LHB Joe Cashmore 0-0: Ball
1-0: Called Strike
1-1: Fly out, F8 (Flyball, 8LM)
Batting: RHB Matt Love 0-0: Called Strike
0-1: Called Strike
0-2: Reached on error, E5 (Groundball, 5S)
Batting: RHB Brian Soto 0-0: Ball
1-0: Called Strike
Throwing error on steal attempt, E2
Matt Love to third
1-1: Foul Ball, location: 2F
1-2: Ball
2-2: Ball
3-2: Foul Ball, location: 2F
3-2: Strikes out swinging
Batting: RHB Edward Payne 0-0: Ball
1-0: Foul Ball, location: 2F
1-1: Ground out 5-3 (Groundball, 56)
Top of the 4th over - 0 run(s), 0 hit(s), 2 error(s), 1 left on base; Hammond 0 - South Beach 0
BOTTOM OF THE 4TH
South Beach Blaze batting - Pitching for Hammond Herons : RHP Bill Beauregard
Batting: LHB Jorge Pérez 0-0: Ball
1-0: Ball
2-0: Foul Ball, location: 2F
2-1: Swinging Strike
2-2: SINGLE (Groundball, 34S)
Batting: RHB Marcos Reyes 0-0: Called Strike
0-1: Ball
1-1: Swinging Strike
1-2: Ball
2-2: Strikes out swinging
Batting: LHB Tomás Mejía 0-0: Ball
1-0: Swinging Strike
1-1: Ball
2-1: Foul Ball, location: 2F
2-2: Strikes out swinging
Batting: LHB Gregg Young 0-0: Called Strike
0-1: Foul Ball, location: 2F
0-2: Ball
1-2: Foul Ball, location: 2F
1-2: Ball
2-2: Foul Ball, location: 2F
2-2: Foul Ball, location: 2F
2-2: Ball
3-2: Foul Ball, location: 2F
3-2: Foul Ball, location: 2F
3-2: SINGLE (Line Drive, 8LS)
Jorge Pérez to second
Jorge Pérez to third
Batting: LHB Jacob Herman 0-0: Called Strike
0-1: Ball
1-1: Ball
2-1: Foul Ball, location: 2F
2-2: Ball
3-2: Foul Ball, location: 2F
3-2: SINGLE (Groundball, 5S) (infield hit)
Jorge Pérez scores
Gregg Young to second
Batting: LHB Chad Graves 0-0: Ball
1-0: Swinging Strike
1-1: Foul Ball, location: 2F
1-2: Foul Ball, location: 2F
1-2: Ball
2-2: Foul Ball, location: 2F
2-2: Foul Ball, location: 2F
2-2: Ball
3-2: Ground out 1-3 (Groundball, 15)
Bottom of the 4th over - 1 run(s), 3 hit(s), 0 error(s), 2 left on base; Hammond 0 - South Beach 1
TOP OF THE 5TH
Hammond Herons batting - Pitching for South Beach Blaze : LHP Juan Méndez
Batting: RHB José Trombelli 0-0: Called Strike
0-1: Ball
1-1: Called Strike
1-2: Ball
2-2: SINGLE (Line Drive, 78M)
Batting: LHB Arturo Acevedo 0-0: Ball
1-0: Bunted foul
1-1: Bunted foul
1-2: SINGLE (Line Drive, 34D)
José Trombelli to second
Batting: RHB Scott Zijm 0-0: Ball
1-0: Fly out, F9 (Flyball, 9M)
Batting: RHB Miguel Rodríguez 0-0: SINGLE (Groundball, 6D) (infield hit)
José Trombelli to third
Arturo Acevedo to second
Batting: RHB Jorge Reyes 0-0: Ball
1-0: SINGLE (Line Drive, 7S)
José Trombelli scores
Arturo Acevedo to third
Miguel Rodríguez to second
Runner from 3rd tries for Home, SAFE, no throw or cutoff
Batting: LHB Joe Cashmore 0-0: Ball
1-0: Called Strike
1-1: Foul Ball, location: 2F
1-2: Foul Ball, location: 2F
1-2: Fly out, F5 (Popup, 5)
Batting: RHB Matt Love 0-0: SINGLE (Groundball, 6MD) (infield hit)
Miguel Rodríguez to third
Jorge Reyes to second
Batting: RHB Brian Soto 0-0: Fly out, F7 (Flyball, 78S)
Top of the 5th over - 2 run(s), 5 hit(s), 0 error(s), 3 left on base; Hammond 2 - South Beach 1
BOTTOM OF THE 5TH
South Beach Blaze batting - Pitching for Hammond Herons : RHP Bill Beauregard
Batting: RHB Shohei Kiyomizu 0-0: SINGLE (Line Drive, 8LS)
Batting: RHB Gabriel Maldonado 0-0: Called Strike
0-1: Foul Ball, location: 2F
0-2: Ball
1-2: Foul Ball, location: 2F
1-2: Fly out, F2 (Popup, 23F)
Batting: RHB Mario Blanco 0-0: Foul Ball, location: 2F
0-1: Called Strike
0-2: Ball
1-2: Ball
2-2: Ball
3-2: Foul Ball, location: 2F
3-2: Grounds into double play, 1-6-3 (Groundball, 13S)
Bottom of the 5th over - 0 run(s), 1 hit(s), 0 error(s), 0 left on base; Hammond 2 - South Beach 1
TOP OF THE 6TH
Hammond Herons batting - Pitching for South Beach Blaze : LHP Juan Méndez
Batting: RHB Edward Payne 0-0: Swinging Strike
0-1: Ball
1-1: Ball
2-1: Foul Ball, location: 2F
2-2: Strikes out swinging
Batting: RHB José Trombelli 0-0: Ground out 6-3 (Groundball, 6)
Batting: LHB Arturo Acevedo 0-0: Ball
1-0: Called Strike
1-1: Foul Ball, location: 2F
1-2: Foul Ball, location: 2F
1-2: Ball
2-2: Ball
3-2: Ground out 4-3 (Groundball, 4)
Top of the 6th over - 0 run(s), 0 hit(s), 0 error(s), 0 left on base; Hammond 2 - South Beach 1
BOTTOM OF THE 6TH
South Beach Blaze batting - Pitching for Hammond Herons : RHP Bill Beauregard
Batting: LHB Jorge Pérez 0-0: Swinging Strike
0-1: Fly out, F4 (Line Drive, 4)
Batting: RHB Marcos Reyes 0-0: Called Strike
0-1: Swinging Strike
0-2: Foul Ball, location: 2F
0-2: Ball
1-2: Ball
2-2: Strikes out swinging
Batting: LHB Tomás Mejía 0-0: Called Strike
0-1: Ball
1-1: Fly out, F6 (Popup, 56)
Bottom of the 6th over - 0 run(s), 0 hit(s), 0 error(s), 0 left on base; Hammond 2 - South Beach 1
TOP OF THE 7TH
Hammond Herons batting - Pitching for South Beach Blaze : LHP Juan Méndez
Batting: RHB Scott Zijm 0-0: Swinging Strike
0-1: Called Strike
0-2: Ball
1-2: Strikes out swinging
Batting: RHB Miguel Rodríguez 0-0: Called Strike
0-1: Ball
1-1: Ball
2-1: SINGLE (Line Drive, 56D)
Pinch Hitting: RHB Jim Unknown 0-0: Ball
Miguel Rodríguez steals 2nd base
1-0: Intentional Walk
Pinch Hitting: RHB Jorge Baker 0-0: Ball
1-0: Foul Ball, location: 2F
1-1: Grounds into double play, 6-4-3 (Groundball, 6)
Top of the 7th over - 0 run(s), 1 hit(s), 0 error(s), 1 left on base; Hammond 2 - South Beach 1
BOTTOM OF THE 7TH
South Beach Blaze batting - Pitching for Hammond Herons : RHP Bill Beauregard
Now at 1B: Jorge Baker
Now in RF: Jim Unknown
Batting: LHB Gregg Young 0-0: Foul Ball, location: 2F
0-1: Foul Ball, location: 2F
0-2: Ball
1-2: Foul Ball, location: 2F
1-2: Ball
2-2: Ball
3-2: Foul Ball, location: 2F
3-2: SOLO HOME RUN (Flyball, 9D), Distance : 384 ft
Pinch Hitting: LHB Joe Sutton 0-0: Called Strike
0-1: Called Strike
0-2: Fly out, F4 (Popup, 89S)
Batting: LHB Chad Graves 0-0: Ball
1-0: Fly out, F7 (Line Drive, 7S)
Pinch Hitting: RHB Roberto Ruíz 0-0: Ball
1-0: Ball
2-0: Called Strike
2-1: Ground out 2-3 (Groundball, 25)
Bottom of the 7th over - 1 run(s), 1 hit(s), 0 error(s), 0 left on base; Hammond 2 - South Beach 2
TOP OF THE 8TH
Hammond Herons batting - Pitching for South Beach Blaze : LHP Juan Méndez
Now at 3B: Joe Sutton
Now in CF: Roberto Ruíz
Batting: RHB Matt Love 0-0: Fly out, F7 (Flyball, 78S)
Pinch Hitting: RHB Jimmy Dawson 0-0: Called Strike
0-1: Ball
1-1: SINGLE (Groundball, 4MD)
Batting: RHB Edward Payne 0-0: Called Strike
0-1: Grounds into double play, 6-4-3 (Groundball, 6)
Top of the 8th over - 0 run(s), 1 hit(s), 0 error(s), 0 left on base; Hammond 2 - South Beach 2
BOTTOM OF THE 8TH
South Beach Blaze batting - Pitching for Hammond Herons : RHP Bill Beauregard
Now at SS: Jimmy Dawson
Batting: RHB Gabriel Maldonado 0-0: Called Strike
0-1: Ball
1-1: Foul Ball, location: 2F
1-2: Ball
2-2: Fly out, F4 (Popup, 4)
Pinch Hitting: SHB Miguel Pérez 0-0: Ball
1-0: Ground out 5-3 (Groundball, 56)
Batting: LHB Jorge Pérez 0-0: Fly out, F5 (Popup, 25F)
Bottom of the 8th over - 0 run(s), 0 hit(s), 0 error(s), 0 left on base; Hammond 2 - South Beach 2
TOP OF THE 9TH
Hammond Herons batting - Pitching for South Beach Blaze : LHP Juan Méndez
Pitching: RHP Adrian David
Now at SS: Miguel Pérez
Pinch Hitting: RHB Sancho Romero 0-0: Ball
1-0: Ball
2-0: Ball
3-0: Base on Balls
Batting: LHB Arturo Acevedo 0-0: Ball
1-0: Fly out, F5 (Popup, 5SF)
Pinch Hitting: LHB Juan Villanueva 0-0: Called Strike
0-1: Ball
1-1: Ball
2-1: Ball
3-1: Foul Ball, location: 2F
3-2: Foul Ball, location: 2F
3-2: Strikes out swinging
Sancho Romero steals 2nd base
Batter strikes out.
Pinch Hitting: RHB António Guzmán 0-0: Called Strike
0-1: Swinging Strike
0-2: Ball
1-2: Ball
2-2: Foul Ball, location: 2F
2-2: Foul Ball, location: 2F
2-2: Strikes out swinging
Top of the 9th over - 0 run(s), 0 hit(s), 0 error(s), 1 left on base; Hammond 2 - South Beach 2
BOTTOM OF THE 9TH
South Beach Blaze batting - Pitching for Hammond Herons : RHP Bill Beauregard
Pitching: RHP Jim Unknown
Now at C: António Guzmán
Now at 2B: Juan Villanueva
Now in CF: Sancho Romero
Batting: RHB Marcos Reyes 0-0: Ball
1-0: Ball
2-0: Ball
3-0: Called Strike
3-1: Swinging Strike
3-2: Foul Ball, location: 2F
3-2: Base on Balls
Batting: LHB Tomás Mejía 0-0: Foul Ball, location: 2F
0-1: Ball
1-1: Called Strike
1-2: Ball
2-2: Foul Ball, location: 2F
2-2: Strikes out looking
Batting: LHB Gregg Young 0-0: Ball
1-0: Ball
2-0: Ball
3-0: Called Strike
3-1: Swinging Strike
3-2: Base on Balls
Marcos Reyes to second
Batting: LHB Joe Sutton 0-0: Called Strike
0-1: Ball
1-1: Called Strike
1-2: Strikes out swinging
Batting: LHB Chad Graves 0-0: Ball
1-0: Swinging Strike
1-1: Ball
2-1: Called Strike
2-2: Strikes out looking
Bottom of the 9th over - 0 run(s), 0 hit(s), 0 error(s), 2 left on base; Hammond 2 - South Beach 2
TOP OF THE 10TH
Hammond Herons batting - Pitching for South Beach Blaze : RHP Adrian David
Batting: RHB Jim Unknown 0-0: Ball
1-0: Swinging Strike
1-1: Ball
2-1: Called Strike
2-2: Strikes out swinging
Batting: RHB Jorge Baker 0-0: Ball
1-0: Called Strike
1-1: Fly out, F6 (Popup, 5D)
Batting: RHB Matt Love 0-0: Fly out, F8 (Flyball, 8LM)
Top of the 10th over - 0 run(s), 0 hit(s), 0 error(s), 0 left on base; Hammond 2 - South Beach 2
BOTTOM OF THE 10TH
South Beach Blaze batting - Pitching for Hammond Herons : RHP Jim Unknown
Batting: RHB Roberto Ruíz 0-0: Called Strike
0-1: Fly out, F8 (Flyball, 78M)
Batting: RHB Gabriel Maldonado 0-0: Ball
1-0: Swinging Strike
1-1: Foul Ball, location: 2F
1-2: Ground out 5-3 (Groundball, 56S)
Batting: SHB Miguel Pérez 0-0: Foul Ball, location: 2F
0-1: Ball
1-1: Swinging Strike
1-2: SINGLE (Groundball, 56D)
Batting: LHB Jorge Pérez 0-0: Foul Ball, location: 2F
0-1: Ground out 5-3 (Groundball, 5S)
Bottom of the 10th over - 0 run(s), 1 hit(s), 0 error(s), 1 left on base; Hammond 2 - South Beach 2
TOP OF THE 11TH
Hammond Herons batting - Pitching for South Beach Blaze : RHP Adrian David
Batting: RHB Jimmy Dawson 0-0: Swinging Strike
0-1: Called Strike
0-2: Ball
1-2: Ball
2-2: Foul Ball, location: 2F
2-2: Strikes out looking
Batting: RHB Edward Payne 0-0: Called Strike
0-1: Ball
1-1: Ball
2-1: Foul Ball, location: 2F
2-2: Foul Ball, location: 2F
2-2: Strikes out looking
Batting: RHB Sancho Romero 0-0: Ball
1-0: Ball
2-0: Foul Ball, location: 2F
2-1: Swinging Strike
2-2: Ball
3-2: Foul Ball, location: 2F
3-2: Strikes out swinging
Top of the 11th over - 0 run(s), 0 hit(s), 0 error(s), 0 left on base; Hammond 2 - South Beach 2
BOTTOM OF THE 11TH
South Beach Blaze batting - Pitching for Hammond Herons : RHP Jim Unknown
Pitching: LHP Luis Vega
Batting: RHB Marcos Reyes 0-0: Ground out 6-3 (Groundball, 6)
Pinch Hitting: RHB Leonardo Ramírez 0-0: Ball
1-0: Called Strike
1-1: Ball
2-1: Called Strike
2-2: Ground out 4-3 (Groundball, 4M)
Batting: LHB Gregg Young 0-0: Swinging Strike
0-1: Foul Ball, location: 2F
0-2: Ball
1-2: Foul Ball, location: 2F
1-2: Ball
2-2: Foul Ball, location: 2F
2-2: Ball
3-2: SINGLE (Groundball, 6MD) (infield hit)
Pinch Hitting: RHB Logan Cole 0-0: Foul Ball, location: 2F
0-1: Ball
1-1: SINGLE (Line Drive, 9LS)
Gregg Young to second
Pinch Hitting: RHB Dimian Menres 0-0: Ball
1-0: SINGLE (Line Drive, 6M)
Gregg Young to third
Logan Cole to second
Batting: RHB Roberto Ruíz 0-0: Called Strike
0-1: Ball
1-1: Called Strike
1-2: Strikes out looking
Bottom of the 11th over - 0 run(s), 3 hit(s), 0 error(s), 3 left on base; Hammond 2 - South Beach 2
TOP OF THE 12TH
Hammond Herons batting - Pitching for South Beach Blaze : RHP Adrian David
Now at 3B: Nick Ross
Now in LF: Leonardo Ramírez
Now in RF: Dimian Menres
Batting: LHB Arturo Acevedo 0-0: Ball
1-0: Foul Ball, location: 2F
1-1: Swinging Strike
1-2: Ball
2-2: Ball
3-2: Strikes out swinging
Batting: LHB Juan Villanueva 0-0: Foul Ball, location: 2F
0-1: Called Strike
0-2: Strikes out swinging
Batting: RHB António Guzmán 0-0: Called Strike
0-1: Swinging Strike
0-2: Strikes out swinging
Top of the 12th over - 0 run(s), 0 hit(s), 0 error(s), 0 left on base; Hammond 2 - South Beach 2
BOTTOM OF THE 12TH
South Beach Blaze batting - Pitching for Hammond Herons : LHP Luis Vega
Batting: RHB Gabriel Maldonado 0-0: Foul Ball, location: 2F
0-1: Fly out, F6 (Line Drive, 6)
Batting: SHB Miguel Pérez 0-0: Foul Ball, location: 2F
0-1: Ball
1-1: Foul Ball, location: 2F
1-2: Fly out, F9 (Flyball, 9LS)
Batting: LHB Jorge Pérez 0-0: Foul Ball, location: 2F
0-1: Foul Ball, location: 2F
0-2: Foul Ball, location: 2F
0-2: Strikes out swinging
Bottom of the 12th over - 0 run(s), 0 hit(s), 0 error(s), 0 left on base; Hammond 2 - South Beach 2
TOP OF THE 13TH
Hammond Herons batting - Pitching for South Beach Blaze : RHP Adrian David
Batting: RHB Jim Unknown 0-0: Ball
1-0: Foul Ball, location: 2F
1-1: Called Strike
1-2: Ball
2-2: Foul Ball, location: 2F
2-2: Fly out, F9 (Flyball, 89S)
Pitching: RHP Mario Pérez
Batting: RHB Jorge Baker 0-0: Ball
1-0: Ball
2-0: Swinging Strike
2-1: SINGLE (Flyball, 6D)
Pinch Runner at 1st Felipe van Capelle:
Batting: RHB Matt Love 0-0: Called Strike
0-1: Called Strike
0-2: Ball
1-2: Foul Ball, location: 2F
1-2: Strikes out swinging
Batting: RHB Jimmy Dawson 0-0: Ball
Felipe van Capelle is caught stealing 2nd base
Top of the 13th over - 0 run(s), 1 hit(s), 0 error(s), 0 left on base; Hammond 2 - South Beach 2
BOTTOM OF THE 13TH
South Beach Blaze batting - Pitching for Hammond Herons : LHP Luis Vega
Pitching: RHP Cristián Sandoval
Now at 1B: Felipe van Capelle
Batting: RHB Marcos Reyes 0-0: SINGLE (Flyball, 8LS)
Batting: RHB Leonardo Ramírez 0-0: Ball
1-0: Called Strike
1-1: Foul Ball, location: 2F
1-2: SINGLE (Groundball, 4MD)
Marcos Reyes to second
Batting: LHB Gregg Young 0-0: Ball
1-0: Foul Ball, location: 2F
1-1: Foul Ball, location: 2F
1-2: Ball
2-2: Fly out, F9 (Flyball, 9M)
Pinch Hitting: RHB León Domínguez 0-0: Foul Ball, location: 2F
0-1: Swinging Strike
0-2: Strikes out swinging
Batting: RHB Dimian Menres 0-0: Called Strike
0-1: Foul Ball, location: 2F
0-2: Ball
1-2: Strikes out swinging
Bottom of the 13th over - 0 run(s), 2 hit(s), 0 error(s), 2 left on base; Hammond 2 - South Beach 2
TOP OF THE 14TH
Hammond Herons batting - Pitching for South Beach Blaze : RHP Mario Pérez
Now at 3B: León Domínguez
Batting: RHB Jimmy Dawson 0-0: Called Strike
0-1: Ball
1-1: Foul Ball, location: 2F
1-2: Fly out, F8 (Flyball, 8LD)
Batting: RHB Edward Payne 0-0: Ball
1-0: Ball
2-0: Ball
3-0: Base on Balls
Batting: RHB Sancho Romero 0-0: SINGLE (Groundball, 5L)
Edward Payne to second
Batting: LHB Arturo Acevedo 0-0: Ball
1-0: Called Strike
1-1: Ball
2-1: Ball
3-1: Base on Balls
Edward Payne to third
Sancho Romero to second
Batting: LHB Juan Villanueva 0-0: Foul Ball, location: 2F
0-1: Called Strike
0-2: Foul Ball, location: 2F
0-2: Ball
1-2: Ball
2-2: Ball
3-2: Strikes out swinging
Batting: RHB António Guzmán 0-0: Foul Ball, location: 2F
0-1: Called Strike
0-2: Strikes out looking
Top of the 14th over - 0 run(s), 1 hit(s), 0 error(s), 3 left on base; Hammond 2 - South Beach 2
BOTTOM OF THE 14TH
South Beach Blaze batting - Pitching for Hammond Herons : RHP Cristián Sandoval
Batting: RHB Roberto Ruíz 0-0: Called Strike
0-1: Called Strike
0-2: Ball
1-2: Strikes out swinging
Batting: RHB Gabriel Maldonado 0-0: Foul Ball, location: 2F
0-1: Ball
1-1: Ball
2-1: Swinging Strike
2-2: Ball
3-2: Base on Balls
Batting: SHB Miguel Pérez 0-0: Ball
1-0: Ball
2-0: Called Strike
2-1: Ball
3-1: Foul Ball, location: 2F
3-2: Strikes out looking
Batting: LHB Jorge Pérez 0-0: Foul Ball, location: 2F
0-1: Called Strike
0-2: Strikes out looking
Bottom of the 14th over - 0 run(s), 0 hit(s), 0 error(s), 1 left on base; Hammond 2 - South Beach 2
TOP OF THE 15TH
Hammond Herons batting - Pitching for South Beach Blaze : RHP Mario Pérez
Batting: RHB Jim Unknown 0-0: Ground out 6-3 (Groundball, 6)
Batting: RHB Felipe van Capelle 0-0: Called Strike
0-1: Ball
1-1: Ball
2-1: Swinging Strike
2-2: Ball
3-2: Foul Ball, location: 2F
3-2: Strikes out swinging
Batting: RHB Matt Love 0-0: Called Strike
0-1: Ball
1-1: Called Strike
1-2: Ball
2-2: Foul Ball, location: 2F
2-2: Foul Ball, location: 2F
2-2: Foul Ball, location: 2F
2-2: Fly out, F7 (Flyball, 7M)
Top of the 15th over - 0 run(s), 0 hit(s), 0 error(s), 0 left on base; Hammond 2 - South Beach 2
BOTTOM OF THE 15TH
South Beach Blaze batting - Pitching for Hammond Herons : RHP Cristián Sandoval
Batting: RHB Marcos Reyes 0-0: Called Strike
0-1: SINGLE (Groundball, 56D)
Batting: RHB Leonardo Ramírez 0-0: Called Strike
0-1: Foul Ball, location: 2F
0-2: Ball
1-2: Ball
2-2: Foul Ball, location: 2F
2-2: Strikes out swinging
Batting: LHB Gregg Young 0-0: Grounds into double play, 4-6-3 (Groundball, 4)
Bottom of the 15th over - 0 run(s), 1 hit(s), 0 error(s), 0 left on base; Hammond 2 - South Beach 2
TOP OF THE 16TH
Hammond Herons batting - Pitching for South Beach Blaze : RHP Mario Pérez
Batting: RHB Jimmy Dawson 0-0: Ball
1-0: Ball
2-0: Foul Ball, location: 2F
2-1: Foul Ball, location: 2F
2-2: Foul Ball, location: 2F
2-2: Foul Ball, location: 2F
2-2: Ball
3-2: Fly out, F9 (Flyball, 9M)
Batting: RHB Edward Payne 0-0: Called Strike
0-1: Ball
1-1: Foul Ball, location: 2F
1-2: Foul Ball, location: 2F
1-2: Foul Ball, location: 2F
1-2: Fly out, F9 (Flyball, 9S)
Pitching: RHP Tom Hibbert
Batting: RHB Sancho Romero 0-0: Swinging Strike
0-1: Called Strike
0-2: Foul Ball, location: 2F
0-2: Strikes out swinging
Top of the 16th over - 0 run(s), 0 hit(s), 0 error(s), 0 left on base; Hammond 2 - South Beach 2
BOTTOM OF THE 16TH
South Beach Blaze batting - Pitching for Hammond Herons : RHP Cristián Sandoval
Batting: RHB León Domínguez 0-0: Ball
1-0: Called Strike
1-1: Foul Ball, location: 2F
1-2: Ball
2-2: Ball
3-2: Strikes out swinging
Batting: RHB Dimian Menres 0-0: Ball
1-0: Called Strike
1-1: Called Strike
1-2: Fly out, F6 (Line Drive, 6)
Batting: RHB Roberto Ruíz 0-0: Foul Ball, location: 2F
0-1: Ground out 6-3 (Groundball, 6M)
Bottom of the 16th over - 0 run(s), 0 hit(s), 0 error(s), 0 left on base; Hammond 2 - South Beach 2
TOP OF THE 17TH
Hammond Herons batting - Pitching for South Beach Blaze : RHP Tom Hibbert
Batting: LHB Arturo Acevedo 0-0: Ground out 4-3 (Groundball, 4)
Batting: LHB Juan Villanueva 0-0: Called Strike
0-1: SINGLE (Flyball, 7S)
Batting: RHB António Guzmán 0-0: Called Strike
0-1: Foul Ball, location: 2F
0-2: Ball
1-2: Ball
2-2: Grounds into double play, 6-4-3 (Groundball, 6)
Top of the 17th over - 0 run(s), 1 hit(s), 0 error(s), 0 left on base; Hammond 2 - South Beach 2
BOTTOM OF THE 17TH
South Beach Blaze batting - Pitching for Hammond Herons : RHP Cristián Sandoval
Batting: RHB Gabriel Maldonado 0-0: Foul Ball, location: 2F
0-1: Ball
1-1: Ball
2-1: Swinging Strike
2-2: Ball
3-2: Ground out 5-3 (Groundball, 56)
Batting: SHB Miguel Pérez 0-0: Ball
1-0: Ball
2-0: Ball
3-0: Called Strike
3-1: Called Strike
3-2: Foul Ball, location: 2F
3-2: Ground out 3-1 (Groundball, 34)
Batting: LHB Jorge Pérez 0-0: Called Strike
0-1: Ball
1-1: Called Strike
1-2: Ball
2-2: DOUBLE (Flyball, 89XD)
Batting: RHB Marcos Reyes 0-0: SINGLE (Groundball, 5D)
Jorge Pérez to third
Runner from 3rd tries for Home, throw and OUT!
Bottom of the 17th over - 0 run(s), 2 hit(s), 0 error(s), 1 left on base; Hammond 2 - South Beach 2
TOP OF THE 18TH
Hammond Herons batting - Pitching for South Beach Blaze : RHP Tom Hibbert
Batting: RHB Jim Unknown 0-0: Swinging Strike
0-1: SINGLE (Line Drive, 6MD)
Batting: RHB Felipe van Capelle 0-0: Swinging Strike
0-1: Swinging Strike
0-2: Fielders Choice at 2nd, 1-6 (Groundball, 15)
Batting: RHB Matt Love 0-0: Ball
1-0: Ball
2-0: Called Strike
2-1: Called Strike
2-2: Foul Ball, location: 2F
2-2: Foul Ball, location: 2F
2-2: Ball
3-2: Reached on Error, E7 (Flyball, 7M)
Felipe van Capelle to second
Batting: RHB Jimmy Dawson 0-0: Ball
1-0: Ball
2-0: Called Strike
2-1: Called Strike
2-2: Ball
3-2: Fly out, F9 (Flyball, 89M)
Batting: RHB Edward Payne 0-0: Swinging Strike
0-1: Foul Ball, location: 2F
0-2: Foul Ball, location: 2F
0-2: Ball
1-2: Foul Ball, location: 2F
1-2: Foul Ball, location: 2F
1-2: Foul Ball, location: 2F
1-2: Ground out 6-3 (Groundball, 6)
Top of the 18th over - 0 run(s), 1 hit(s), 1 error(s), 2 left on base; Hammond 2 - South Beach 2
BOTTOM OF THE 18TH
South Beach Blaze batting - Pitching for Hammond Herons : RHP Cristián Sandoval
Batting: RHB Leonardo Ramírez 0-0: Ball
1-0: Called Strike
1-1: Foul Ball, location: 2F
1-2: Ball
2-2: Strikes out swinging
Batting: LHB Gregg Young 0-0: Ball
1-0: Ball
2-0: Ball
3-0: Base on Balls
Batting: RHB León Domínguez 0-0: Ball
1-0: Called Strike
1-1: Fly out, F9 (Flyball, 9M)
Batting: RHB Dimian Menres 0-0: Ball
1-0: Foul Ball, location: 2F
1-1: Called Strike
1-2: DOUBLE (Line Drive, 3D)
Gregg Young to third
Runner from 3rd tries for Home, SAFE, no throw or cutoff
This league is powered by Out of the Park Baseball, the baseball management simulation game for PC, Mac and Linux
Friday, January 22nd, 2016 - OOTP Baseball 16.9 Build 39